 Dungeon Sprint DCSS version 0.19.1 (webtiles) character file.

10493 equalderp2856 the Eviscerator (level 11, 0/55 HPs)
             Began as a Felid Fighter on Nov 29, 2016.
             Was the Champion of Lugonu.
             Slain by Nessos (2 damage)
             ... in the Dungeon (Sprint IX: "|||||||||||||||||||||||||||||").
             The game lasted 00:12:01 (7756 turns).

equalderp2856 the Eviscerator (Felid Fighter)       Turns: 7756, Time: 00:12:01

Health: 0/55       AC:  2    Str: 19    XL:     11   Next: 36%
Magic:  15/15      EV: 32    Int: 12    God:    Lugonu [******]
Gold:   1932       SH:  0    Dex: 16    Spells: 0 memorised, 10 levels left
                                        Lives:  0   Deaths: 2

rFire  . . .     SeeInvis +       - Unarmed
rCold  . . .     Gourm    .     (armour unavailable)
rNeg   . . .     Faith    .     (shield unavailable)
rPois  .         Spirit   .     (helmet unavailable)
rElec  .         Reflect  .     (cloak unavailable)
rCorr  .         Harm     .     (gloves unavailable)
MR     +....     NoTele   +     (boots unavailable)
Stlth  ++++++....               (no amulet)
                                n - +3 ring of strength
                                m - +3 ring of strength

@: quick
A: no armour, no weapons or thrown items, stealth, claws 1, fangs 3, see
invisible, carnivore 3, speed 1, shaggy fur 2, slow metabolism 1, sharp paws
a: Bend Space, Banish, Corrupt, Renounce Religion


You were in the Dungeon.
You worshipped Lugonu.
Lugonu was exalted by your worship.
You were not hungry.

You visited 1 branch You collected 1932 gold pieces.

Inventory:

Jewellery
 a - an uncursed ring of protection from magic
 g - an uncursed ring of protection from fire
 m - a +3 ring of strength (left paw)
 n - a +3 ring of strength (right paw)
 t - an uncursed ring of fire
 u - an uncursed ring of fire
Wands
 l - a wand of lightning (1/15)
Scrolls
 h - 3 scrolls of blinking
 j - 3 scrolls of remove curse
 k - 2 scrolls of amnesia
 q - a scroll of fog
 r - 2 scrolls of recharging
 s - a scroll of fear
Potions
 c - 8 potions of curing
 d - 2 potions of invisibility
 e - a potion of haste
 f - 4 potions of magic
 i - 7 potions of heal wounds
 o - a potion of brilliance
 p - a potion of agility
 v - a potion of cure mutation
Comestibles
 b - 12 meat rations


   Skills:
 + Level 11.0 Fighting
 + Level 16.2 Dodging
 + Level 15.1 Stealth
 + Level 23.1 Unarmed Combat
 + Level 4.1 Invocations
 + Level 5.0 Evocations


You had 10 spell levels left.
You didn't know any spells.

Dungeon Overview and Level Annotations

Branches:
Dungeon (1/1)

Altars:
Cheibriados
Dithmenos
Elyvilon
Fedhas
Gozag
Hepliaklqana
Kikubaaqudgha
Makhleb
Nemelex Xobeh
Okawaru
Qazlal
Ru
Sif Muna
Trog
Uskayaw
Vehumet
Xom
Yredelemnul
Zin
The Shining One
Beogh
Jiyva
Lugonu

Shops:
D [!%?

Annotations:
D Agnes, Nessos


Innate Abilities, Weirdness & Mutations

You cannot wear armour.
You are incapable of wielding weapons or throwing items.
Your paws allow you to move quietly. (Stealth)
You have sharp claws.
You have razor-sharp teeth.
You have supernaturally acute eyesight. (SInv)
You are carnivorous and can eat meat at any time.
You cover ground quickly.
You are covered in thick fur. (AC +2)
You have a slow metabolism.
Your sharp claws are effective at attacking unaware monsters.


Message History

Agnes moves out of view.
Nessos blinks!
Nessos shoots an arrow.
The arrow hits you!! The arrow burns you!
You see here an arrow.
Nessos mumbles some strange words.
Nessos seems to speed up.
Nessos casts a spell.
Nessos shoots an arrow.
The arrow hits you!!
* * * LOW HITPOINT WARNING * * *
The arrow burns you.
* * * LOW HITPOINT WARNING * * *
Agnes shouts!
Nessos shoots an arrow.
The arrow misses you.
Nessos unwields an uncursed longbow of flaming.
It stops flaming.
Nessos completely misses you.
Agnes says, "You dishonour your ancestors."
Nessos casts a spell.
You eviscerate Nessos!!! Your claw misses Nessos. You bite Nessos.
Nessos is heavily wounded.
Nessos hits you.
You die...

.)...).............).............
▓▓▓▓▓▓▓▓▓▓▓▓▓▓▓▓▓▓▓▓▓▓▓▓▓▓▓▓▓▓▓▓▓
....)))[')(...)).))[))).÷..(.(...
▓▓▓▓▓▓▓▓▓▓▓▓▓▓▓▓▓▓▓▓▓▓▓▓▓▓▓▓▓▓▓▓▓
.................................
▓▓▓▓▓▓▓▓▓▓▓▓▓▓▓▓▓▓▓▓▓▓▓▓▓▓▓▓▓▓▓▓▓
....[[[[[[[[.)))))))(....)'......
▓▓▓▓▓▓▓▓▓▓▓▓▓▓▓▓▓▓▓▓▓▓▓▓▓▓▓▓▓▓▓▓▓
.........((.(...@ci.....
▓▓▓▓▓▓▓▓▓▓▓▓▓▓▓▓▓▓▓▓▓▓▓▓


You could see Agnes and Nessos.

Vanquished Creatures
  A stone giant (D)
  5 ogre magi (D)
  A hydra (D)
  2 tengu warriors (D)
  A deep troll shaman (D)
  An orc high priest (D)
  3 iron trolls (D)
  2 deep trolls (D)
  An unseen horror (D)
  3 hill giants (D)
  2 orc knights (D)
  A moth of wrath (shapeshifter) (D)
  A manticore (shapeshifter) (D)
  2 spiny frogs (D)
  A kobold demonologist (D)
  A komodo dragon (D)
  A yaktaur (D)
  A polar bear (D)
  2 trolls (D)
  A hornet (D)
  A two-headed ogre (D)
  A slime creature (D)
  A tyrant leech (D)
  3 blink frogs (D)
  2 hippogriffs (D)
  A vampire (D)
  A fire bat (shapeshifter) (D)
  3 yaks (D)
  2 vampire mosquitoes (D)
  4 water moccasins (D)
  11 orc warriors (D)
  An ice beast (D)
  2 sky beasts (D)
  A boggart (D)
  A centaur (D)
  5 crocodiles (D)
  3 bullfrogs (D)
  A hound (D)
  A jelly (D)
  2 orc priests (D)
  4 orc wizards (D)
  2 adder skeletons (D)
  9 orcs (D)
  A giant cockroach (D)
  A hobgoblin (D)
  A ball python zombie (D)
  A frilled lizard (D)
  A kobold (D)
  A rat (D)
101 creatures vanquished.

Vanquished Creatures (others)
  A spatial maelstrom (D)
1 creature vanquished.

Grand Total: 102 creatures vanquished

Notes
Turn   | Place    | Note
-------+----------+-------------------------------------------
     0 | D        | equalderp2856 the Felid Fighter began the quest for the Orb.
     0 | D        | Reached XP level 1. HP: 10/10 MP: 2/2
    10 | D        | Banished a spatial maelstrom
   170 | D        | Noticed a sky beast
   170 | D        | Noticed a hound
   170 | D        | Noticed an ice beast
   170 | D        | Noticed a sky beast
   185 | D        | Killed a sky beast
   185 | D        | Reached skill level 1 in Stealth
   185 | D        | Reached skill level 7 in Unarmed Combat
   185 | D        | Reached XP level 2. HP: 15/15 MP: 3/3
   185 | D        | Reached XP level 3. HP: 19/19 MP: 4/4
   185 | D        | Reached XP level 4. HP: 22/22 MP: 5/5
   195 | D        | Killed an ice beast
   195 | D        | Reached skill level 5 in Fighting
   195 | D        | Reached skill level 9 in Unarmed Combat
   195 | D        | Reached XP level 5. HP: 13/27 MP: 6/6
   204 | D        | Killed a sky beast
   204 | D        | Reached skill level 10 in Unarmed Combat
   204 | D        | Gained mutation: You are covered in thick fur. (AC +2) [Felid growth]
   204 | D        | Reached XP level 6. HP: 16/31 MP: 7/7
   349 | D        | Found a roughly hewn altar of Beogh.
   349 | D        | Found a snail-covered altar of Cheibriados.
   349 | D        | Found a shadowy altar of Dithmenos.
   349 | D        | Found a white marble altar of Elyvilon.
   349 | D        | Found a blossoming altar of Fedhas.
   349 | D        | Found an opulent altar of Gozag.
   350 | D        | Found a hazy altar of Hepliaklqana.
   351 | D        | Found a viscous altar of Jiyva.
   352 | D        | Found an ancient bone altar of Kikubaaqudgha.
   353 | D        | Found a corrupted altar of Lugonu.
   354 | D        | Found a burning altar of Makhleb.
   355 | D        | Found a sparkling altar of Nemelex Xobeh.
   356 | D        | Found an iron altar of Okawaru.
   357 | D        | Found a stormy altar of Qazlal.
   358 | D        | Found a sacrificial altar of Ru.
   359 | D        | Found a deep blue altar of Sif Muna.
   360 | D        | Found a bloodstained altar of Trog.
   361 | D        | Found a hide-covered altar of Uskayaw.
   362 | D        | Found a radiant altar of Vehumet.
   365 | D        | Became a worshipper of Lugonu the Unformed
   365 | D        | Reached * piety under Lugonu
   368 | D        | Found a shimmering altar of Xom.
   369 | D        | Found a basalt altar of Yredelemnul.
   370 | D        | Found a glowing silver altar of Zin.
   371 | D        | Found a glowing golden altar of the Shining One.
   396 | D        | Noticed a two-headed ogre
   396 | D        | Noticed a yak
   396 | D        | Noticed an orc warrior
   396 | D        | Noticed a hippogriff
   396 | D        | Noticed a hornet
   398 | D        | Killed a hornet
   398 | D        | Reached skill level 12 in Unarmed Combat
   398 | D        | Reached XP level 7. HP: 36/36 MP: 8/8
   407 | D        | Killed a hippogriff
   584 | D        | Reached ** piety under Lugonu
   832 | D        | Reached skill level 10 in Dodging
   832 | D        | Reached skill level 13 in Unarmed Combat
   839 | D        | Killed a yak
   923 | D        | Killed a two-headed ogre
   923 | D        | Reached skill level 5 in Stealth
   923 | D        | Reached XP level 8. HP: 10/40 MP: 9/9
  1175 | D        | Noticed a hill giant
  1177 | D        | Reached *** piety under Lugonu
  1181 | D        | Reached skill level 14 in Unarmed Combat
  1190 | D        | Killed a hill giant
  1190 | D        | Reached **** piety under Lugonu
  1190 | D        | Reached skill level 1 in Evocations
  1197 | D        | Reached skill level 15 in Unarmed Combat
  1359 | D        | Noticed a spiny frog
  1359 | D        | Noticed a blink frog
  1360 | D        | Noticed a six-headed hydra
  1361 | D        | Killed a blink frog
  1363 | D        | Killed a spiny frog
  1363 | D        | Reached XP level 9. HP: 45/45 MP: 9/11
  1368 | D        | Reached ***** piety under Lugonu
  1368 | D        | Reached skill level 16 in Unarmed Combat
  1369 | D        | Noticed a komodo dragon
  1525 | D        | Killed a six-headed hydra
  2070 | D        | Killed a komodo dragon
  2070 | D        | Reached skill level 17 in Unarmed Combat
  2141 | D        | Noticed a polar bear
  2156 | D        | Killed a polar bear
  2188 | D        | Reached XP level 10. HP: 49/49 MP: 13/13
  2190 | D        | Reached skill level 10 in Stealth
  2191 | D        | Reached ****** piety under Lugonu
  2290 | D        | Reached skill level 18 in Unarmed Combat
  2299 | D        | Noticed a spiny frog
  2851 | D        | Killed a spiny frog
  3015 | D        | Noticed an orc high priest
  3028 | D        | Noticed a rust devil
  3048 | D        | Noticed a soul eater
  3049 | D        | Killed an orc high priest
  3049 | D        | Reached skill level 19 in Unarmed Combat
  3161 | D        | Noticed an orc knight
  3176 | D        | Noticed an orc knight
  3450 | D        | Killed an orc knight
  3456 | D        | Reached XP level 11. HP: 23/53 MP: 15/15
  3584 | D        | Killed an orc knight
  3734 | D        | Found Nuf Rank's Magic Scroll Boutique.
  3734 | D        | Noticed an ogre mage
  3734 | D        | Noticed an iron troll
  3734 | D        | Noticed a hill giant
  3734 | D        | Noticed an iron troll
  3734 | D        | Noticed a hill giant
  3735 | D        | Noticed an ogre mage
  3736 | D        | Killed a hill giant
  3736 | D        | Reached skill level 20 in Unarmed Combat
  3737 | D        | Found Plog's Food Shop.
  3737 | D        | Noticed an iron troll
  4621 | D        | Killed an iron troll
  4720 | D        | Killed a hill giant
  4747 | D        | Killed an ogre mage
  4762 | D        | Noticed an ogre mage
  4763 | D        | Paralysed by an ogre mage for 6 turns
  4776 | D        | Paralysed by an ogre mage for 6 turns
  4788 | D        | Killed an ogre mage
  4788 | D        | Reached skill level 21 in Unarmed Combat
  5077 | D        | Killed an ogre mage
  5854 | D        | Killed an iron troll
  5854 | D        | Reached skill level 1 in Invocations
  6216 | D        | Noticed a deep troll
  6220 | D        | Found Ympoluc's Distillery.
  6220 | D        | Noticed a deep troll
  6222 | D        | Found Hixo Vam's Antique Armour Shop.
  6228 | D        | Killed a deep troll
  6228 | D        | Reached skill level 10 in Fighting
  6233 | D        | Noticed an ogre mage
  6237 | D        | Killed a deep troll
  6434 | D        | Slain by an iron troll
  6435 | D        | Reached XP level 10. HP: -2/51 MP: 14/14
  6591 | D        | Killed an iron troll
  6793 | D        | Killed from afar by an ogre mage
  6794 | D        | Reached XP level 9. HP: -4/46 MP: 13/13
  6931 | D        | Killed an ogre mage
  6931 | D        | Reached skill level 15 in Dodging
  6931 | D        | Reached XP level 10. HP: 51/51 MP: 14/14
  6935 | D        | Noticed an ogre mage
  6942 | D        | Killed an ogre mage
  6942 | D        | Reached skill level 22 in Unarmed Combat
  7107 | D        | Noticed an unseen horror
  7107 | D        | Noticed a tengu warrior
  7109 | D        | Killed a tengu warrior
  7112 | D        | Noticed a fire crab
  7114 | D        | Killed an unseen horror
  7114 | D        | Reached skill level 5 in Evocations
  7310 | D        | Noticed an eye of devastation
  7310 | D        | a redback changed into an eye of devastation
  7468 | D        | Noticed a stone giant
  7476 | D        | Killed a stone giant
  7476 | D        | Reached XP level 11. HP: 55/55 MP: 15/15
  7485 | D        | Noticed a death drake
  7487 | D        | a death drake changed into a moth of wrath
  7502 | D        | Noticed a tengu warrior
  7633 | D        | Killed a tengu warrior
  7659 | D        | Reached skill level 23 in Unarmed Combat
  7686 | D        | Noticed a deep troll shaman
  7693 | D        | Killed a deep troll shaman
  7693 | D        | Reached skill level 15 in Stealth
  7748 | D        | Noticed Nessos
  7750 | D        | Noticed Agnes
  7753 | D        | HP: 2/55 [Nessos/arrow (1)]
  7756 | D        | Slain by Nessos

Skill      XL: |  1  2  3  4  5  6  7  8  9 10 11 |
---------------+----------------------------------+-----
Fighting       | 4 5 6 7 8 9 11 | 11.0
Dodging        | 6 7 8 9 10 11 15 16 14 | 16.2
Stealth        | 1 2 3 5 7 9 14 15 | 15.1
Unarmed Combat | 7 9 10 12 13 15 17 22 23 | 23.1
Evocations     | 1 3 5 |  5.0
Invocations    | 3 4 2 |  4.1

Action                   |  1- 3 |  4- 6 |  7- 9 | 10-12 || total
-------------------------+-------+-------+-------+-------++-------
Melee: Unarmed           |    35 |    19 |    84 |   288 ||   426
       Bite              |     3 |     2 |     8 |    41 ||    54
       Punch             |       |     3 |     6 |    30 ||    39
Invok: Bend Space        |       |       |       |     6 ||     6
Evoke: Wand              |       |       |     9 |     1 ||    10
  Use: Potion            |     1 |       |       |     4 ||     5
       Scroll            |       |       |     1 |       ||     1
 Stab: Sleeping          |       |     1 |     2 |     6 ||     9
       Distracted        |       |       |     2 |     3 ||     5
  Eat: Chunk             |       |       |     3 |     3 ||     6
       Meat ration       |       |       |       |     1 ||     1
Armor: Skin              |       |       |     2 |     3 ||     5
Dodge: Dodged            |    25 |    12 |    58 |   187 ||   282
